 Dungeon Crawl Stone Soup version 0.28-a0-863-g8cecda6153 (webtiles) character file.

Game seed: 13969334154102421109

4 TIRomeo the Poker (level 1, -2/20 HPs)
             Began as a Minotaur Monk on Nov 20, 2021.
             Slain by a kobold (3 damage)
             ... on level 1 of the Dungeon.
             The game lasted 00:01:33 (197 turns).

TIRomeo the Poker (Minotaur Monk)                    Turns: 197, Time: 00:01:34

Health: -2/20      AC:  2    Str: 15    XL:     1   Next: 50%
Magic:  0/0        EV: 12    Int:  7    God:
Gold:   0          SH:  0    Dex: 12    Spells: 0/0 levels left

rFire   . . .      SeeInvis .   a - +0 spear
rCold   . . .      Faith    .   (no shield)
rNeg    . . .      Spirit   .   b - +0 robe
rPois   .          Reflect  .   (helmet restricted)
rElec   .          Harm     .   (no cloak)
rCorr   .          Rampage  .   (no gloves)
Will    .....                   (no boots)
Stlth   ++........              (no amulet)
HPRegen 0.06/turn               (no ring)
MPRegen 0.07/turn               (no ring)

@: no status effects
A: horns 2, retaliatory headbutt
a: no special abilities


You were on level 1 of the Dungeon.
You visited 1 branch of the dungeon, and saw 1 of its levels.

Inventory:

Hand Weapons
 a - a +0 spear (weapon)
Armour
 b - a +0 robe (worn)


   Skills:
 + Level 3.6 Fighting
 + Level 3.9 Polearms
 + Level 3.3 Dodging
 + Level 1.5 Stealth


You couldn't memorise any spells.
You didn't know any spells.
Your spell library contained the following spells:

 Spells                   Type           Power      Damage    Failure   Level
 Sublimation of Blood     Necr           0%         N/A       56%         2
 Wereblood                Tmut           0%         N/A       56%         2
 Summon Hydra             Summ           0%         N/A       100%        7


Dungeon Overview and Level Annotations

Branches:
Dungeon (1/15)

Altars:


Innate Abilities, Weirdness & Mutations

You have a pair of horns on your head.
You reflexively headbutt those who attack you in melee.


Message History

You hit the goblin.
You kill the goblin!
A ball python comes into view.
Found a stone staircase leading down.
Things that are here:
a +0 club; a goblin corpse You barely miss the kobold.
An endoplasm comes into view.
The kobold hits you with a +0 club.
The endoplasm quivers.
You hit the kobold.
The kobold is heavily wounded.
The kobold closely misses you. The ball python closely misses you.
The ball python grabs you. The ball python constricts you.
You miss the kobold.
The kobold is heavily wounded.
The ball python bites you. The ball python constricts you.
The kobold hits you with a +0 club.
You completely miss the kobold.
The kobold is heavily wounded.
The ball python bites you. The ball python constricts you.
The kobold barely misses you.
You barely miss the kobold. Your headbutt misses the kobold.
The kobold is heavily wounded.
The ball python barely misses you. The ball python constricts you.
The kobold hits you with a +0 club.
* * * LOW HITPOINT WARNING * * *
You hit the ball python.
You kill the ball python!
The kobold hits you with a +0 club.
* * * LOW HITPOINT WARNING * * *
The kobold hits you with a +0 club.
* * * LOW HITPOINT WARNING * * *
You see here a ball python corpse.
The kobold misses you. The endoplasm freezes you.
You are frozen.
* * * LOW HITPOINT WARNING * * *
The kobold hits you with a +0 club.
You die...

#.......##.......##
#.......##.....###
#......)....####
#.........###
#.......†.#
#.........#
#.........#
#......KJ.#
####...@..#
#...>........
#..........##
##.#.####### #.#.#
#.#.# # #.# #..


You could see an endoplasm and a kobold.

Vanquished Creatures
  2 goblins (D:1)
  A ball python (D:1)
  A frilled lizard (D:1)
4 creatures vanquished.

Notes
Turn   | Place    | Note
-------+----------+-------------------------------------------
     0 | D:1      | TIRomeo the Minotaur Monk began the quest for the Orb.
     0 | D:1      | Reached XP level 1. HP: 19/19 MP: 0/0
   197 | D:1      | HP: 1/20 [frozen (1)]
   197 | D:1      | Slain by a kobold

Illustrated notes

Levels and vault maps discovered:
D:1:      dpeg_cavernosity, layout_rooms, serial_shops, nicolae_diamond_shop

Action                   || total
-------------------------++-------
Melee: Spear             ||    12
       Headbutt          ||     1
Armor: Robe              ||     1
Dodge: Dodged            ||     8

Table legend: (Time is in decaauts)
 A = Elapsed time spent in this place.
 B = Non-inter-level travel time spent in this place.
 C = Inter-level travel time spent in this place.
 D = Time resting spent in this place.
 E = Time spent auto-exploring this place.
 F = Levels seen in this place.
 G = Mean time per level.
                   A        B        C        D        E       F      G
               +--------+--------+--------+--------+--------+-----+--------+
         Total |    195 |     91 |    104 |      0 |     48 |   1 |  195.0 |
       Dungeon |    195 |     91 |    104 |      0 |     48 |   1 |  195.0 |
               +--------+--------+--------+--------+--------+-----+--------+

Top non-repeatable levels by time:
     D:1: 195 daAuts
